 Dungeon Crawl Stone Soup version 0.24.1-5-g77f818bfca (webtiles) character file.

Game seed: 9165637857458416616, levelgen mode: deterministic

1124 H0rd4k the Thaumaturge (level 8, -4/42 HPs)
             Began as a Deep Elf Wizard on Apr 25, 2020.
             Slain by a wyvern skeleton (12 damage)
             ... on level 6 of the Dungeon.
             The game lasted 00:09:00 (5075 turns).

H0rd4k the Thaumaturge (Deep Elf Wizard)            Turns: 5075, Time: 00:09:00

Health: -4/42      AC:  2    Str:  4    XL:     8   Next: 13%
Magic:  18/23      EV: 13    Int: 29    God:
Gold:   439        SH:  0    Dex: 13    Spells: 17/26 levels left

rFire    . . .     SeeInvis .   (no weapon)
rCold    . . .     Gourm    .   (no shield)
rNeg     . . .     Faith    +   a - +0 robe
rPois    .         Spirit   .   b - +0 hat
rElec    .         Reflect  .   (no cloak)
rCorr    .         Harm     .   (no gloves)
MR       .....                  (no boots)
Stlth    ++........             r - amulet of faith
HPRegen  0.14/turn              p - +3 ring of intelligence
MPRegen  0.18/turn              x - ring of wizardry

@: no status effects
A: no striking features
a: no special abilities


You were on level 6 of the Dungeon.
You were not hungry.

You visited 1 branch of the dungeon, and saw 6 of its levels.

You collected 439 gold pieces.

Inventory:

Hand Weapons
 q - a +1 falchion of freezing
Missiles
 w - 19 poisoned darts (quivered)
Armour
 a - a +0 robe (worn)
 b - a +0 hat (worn)
Jewellery
 p - a +3 ring of intelligence (left hand)
 r - an amulet of faith (around neck)
 x - a ring of wizardry (right hand)
Wands
 v - a wand of paralysis (8)
Scrolls
 e - a scroll of random uselessness {unknown}
 h - a scroll of immolation {unknown}
 i - a scroll of blinking {unknown}
 j - 9 scrolls of identify {unknown}
 k - 2 scrolls of remove curse {unknown}
 m - 4 scrolls of teleportation {unknown}
 o - 2 scrolls of magic mapping {unknown}
 t - 2 scrolls of amnesia {unknown}
Potions
 c - 2 potions of cancellation {unknown}
 f - 3 potions of mutation {unknown}
 g - 5 potions of curing {unknown}
 l - 2 potions of lignification {unknown}
 n - a potion of heal wounds {unknown}
 s - a potion of degeneration {unknown}
 u - a potion of brilliance {unknown}
 z - a potion of flight {unknown}
Comestibles
 d - 12 rations
 A - 5 chunks of flesh


   Skills:
 + Level 0.9 Fighting
 + Level 2.9 Dodging
 + Level 3.3 Stealth
 + Level 9.9 Spellcasting
 + Level 6.4 Conjurations
   Level 1.1 Summonings
 + Level 1.2 Translocations
 + Level 0.8 Fire Magic
 + Level 0.3 Air Magic
 + Level 0.3 Poison Magic


You had 17 spell levels left.
You knew the following spells:

 Your Spells              Type           Power        Failure   Level  Hunger
a - Magic Dart            Conj           ####         1%          1    None
b - Blink                 Tloc           N/A          1%          2    None
c - Conjure Flame         Conj/Fire      #####...     1%          3    None
d - Mephitic Cloud        Conj/Pois/Air  ####....     1%          3    None

Your spell library contained the following spells:

 Spells                   Type           Power        Failure   Level  Hunger
 Corona                   Hex            ##.....      1%          1    None
 Call Imp                 Summ           ###.....     1%          2    None
 Dazzling Spray           Conj/Hex       ####..       1%          3    None
 Ensorcelled Hibernation  Hex/Ice        ##....       2%          2    None
 Slow                     Hex            ##......     2%          2    None
 Confuse                  Hex            ##......     4%          3    None
 Tukima's Dance           Hex            ##......     4%          3    None


Dungeon Overview and Level Annotations

Branches:
Dungeon (6/15)             Temple (0/1) D:5

Altars:
Vehumet
Zin

Annotations:
D:3 exclusion: downstairs
D:4 exclusion: downstairs
D:5 exclusion: downstairs
D:6 1 runed translucent door, Blork the orc, Menkaure


Message History

k - 2 scrolls labeled OCZA XIC CUEP (gained 1)
Things that are here:
a +1 mace of protection; a +0 ring mail; an orc corpse You butcher the orc corpse.
A - 5 chunks of flesh (gained 1)
Things that are here:
a +1 mace of protection; a +0 ring mail; an orc skeleton
Okay, then.
You start resting.
HP restored.
There is a stone staircase leading down here.
You climb downwards.
Level annotation: 1 runed translucent door, Blork the orc, Menkaure A slave comes into view.
The hound bites you. The bullfrog closely misses you. The slave hits you!
The wyvern skeleton bites you! The hound bites you.
The giant cockroach misses you. The bullfrog misses you. The slave hits you!
* * * LOW HITPOINT WARNING * * *
The wyvern skeleton bites you!
You die...

.######..
........####
...........#
##.........#
...........#
...........#
......F.p..#
#.....@...#
#..)oshZ..#
...........#
##...........
######p####...
.# #o. .. ..#
..p . ..). #>#
##...#


You could see 3 slaves, a bullfrog, a hound, 2 orcs, a giant cockroach and a
wyvern skeleton.

Vanquished Creatures
  An ice beast (D:5)
  A phantom (D:4)
  An ogre (D:5)
  2 centaurs
  A bullfrog (D:6)
  A scorpion (D:4)
  A howler monkey (D:6)
  A centaur zombie (D:5)
  3 hounds
  A jelly (D:5)
  An orc priest (D:5)
  A bullfrog skeleton (D:5)
  An orc wizard (D:6)
  3 worker ants
  A killer bee zombie (D:5)
  A hound zombie (D:5)
  4 gnolls (D:4)
  5 adders
  2 oozes
  An adder zombie (D:6)
  4 worms
  A dart slug (D:5)
  2 leopard geckos
  16 orcs
  8 bats
  3 giant cockroaches
  12 goblins
  10 hobgoblins
  5 kobolds
  3 quokkas
  2 ball pythons
  3 frilled lizards
  A jackal skeleton (D:4)
  A quokka skeleton (D:4)
  4 rats
108 creatures vanquished.

Notes
Turn   | Place    | Note
-------+----------+-------------------------------------------
     0 | D:1      | H0rd4k the Deep Elf Wizard began the quest for the Orb.
     0 | D:1      | Reached XP level 1. HP: 10/10 MP: 7/7
   170 | D:1      | Reached XP level 2. HP: 15/15 MP: 1/9
   266 | D:1      | Reached skill level 5 in Spellcasting
   870 | D:1      | Reached XP level 3. HP: 14/19 MP: 4/11
  1376 | D:2      | Found a glowing silver altar of Zin.
  2054 | D:3      | Reached XP level 4. HP: 24/24 MP: 7/13
  2179 | D:3      | Found a radiant altar of Vehumet.
  2189 | D:3      | Reached skill level 6 in Spellcasting
  2308 | D:3      | Noticed a centaur
  2335 | D:3      | Learned a level 2 spell: Blink
  2339 | D:3      | Learned a level 3 spell: Conjure Flame
  2343 | D:3      | Learned a level 3 spell: Mephitic Cloud
  2366 | D:3      | Killed a centaur
  2366 | D:3      | Reached XP level 5. HP: 22/28 MP: 2/16
  2787 | D:3      | Reached skill level 7 in Spellcasting
  2932 | D:4      | Reached XP level 6. HP: 30/32 MP: 10/18
  3181 | D:4      | Reached skill level 8 in Spellcasting
  3758 | D:5      | Entered Level 5 of the Dungeon
  3762 | D:5      | Reached XP level 7. HP: 30/36 MP: 14/20
  3813 | D:5      | Reached skill level 5 in Conjurations
  4091 | D:5      | Found a staircase to the Ecumenical Temple.
  4349 | D:5      | Reached skill level 9 in Spellcasting
  4835 | D:6      | Reached XP level 8. HP: 33/42 MP: 17/23
  4844 | D:6      | Noticed Blork the orc
  4915 | D:6      | Found a runed translucent door.
  4916 | D:6      | Noticed Menkaure
  5075 | D:6      | Slain by a wyvern skeleton

Levels and vault maps discovered:
D:1:      dpeg_arrival_stone_temple_mockup, layout_basic,
          chequers_serial_rivers_small_b
D:2:      layout_loops_ring, zin_statuary, minmay_heptomino_d4
D:3:      layout_basic, lemuel_crystal_altar
D:4:      layout_rooms
D:5:      layout_rooms, temple_pool_b, first_ration
D:6:      layout_rooms, ebering_ghost_inner_flame, uniq_blork_the_orc,
          uniq_menkaure, uniq_pikel

Skill      XL: |  1  2  3  4  5  6  7 |
---------------+----------------------+-----
Spellcasting   | 5 6 7 8 9 |  9.9
Stealth        | 3 |  3.3
Conjurations   | 2 3 4 6 |  6.4
Fighting       | |  0.9
Dodging        | |  2.9
Summonings     | |  1.1
Translocations | |  1.2
Fire Magic     | |  0.8
Air Magic      | |  0.3
Poison Magic   | |  0.3

Action                   |  1- 3 |  4- 6 |  7- 9 || total
-------------------------+-------+-------+-------++-------
Melee: Unarmed           |     1 |       |       ||     1
 Cast: Magic Dart        |   131 |   140 |   123 ||   394
       Mephitic Cloud    |       |     2 |     4 ||     6
       Blink             |       |     1 |     1 ||     2
       Conjure Flame     |       |     2 |     9 ||    11
  Eat: Chunk             |     2 |     6 |     4 ||    12
Armor: Robe              |     2 |     2 |     1 ||     5
Dodge: Dodged            |    25 |    11 |    14 ||    50
